AoeStats
← OakenStone47820

Arabia

507972449Analyzed
2v2 RM · 13d ago on Sep 20, 2026· 28m 28s· 4 players
Game mode
Random Map
Map size
Medium (4 player)
Population
200
Speed
Normal
Resources
Standard
Victory
Conquest
Starting age
Dark Age
Ending age
Imperial Age
RankedLock teamsTeams togetherTeam positionsShared explorationLock speedFull tech treeHidden civsTurbo modeCheats
Victory
Defeat
🇨🇳 Franks · China
1056
+14
🇻🇳 Ethiopians · Vietnam
1046
+14
🇩🇰 Portuguese · Denmark
1021
-15
🇬🇧 Britons · United Kingdom
981
-13
maltheh9797
4:47 Loom
11:33 Feudal Age
12:56 Double-Bit Axe
20:08 Castle Age
23:31 Bow Saw
24:12 Forging
24:08 Scale Barding Armor
24:16 Elite Skirmisher
OakenStone47820
4:16 Loom
5:05 Loom
11:33 Feudal Age
12:16 Double-Bit Axe
12:16 Horse Collar
18:27 Castle Age
19:09 Pikeman
19:35 Arson
21:08 Crossbowman
22:43 Gold Mining
22:43 Stone Mining
24:30 Squires
24:15 Gambesons
27:20 Husbandry
菜鸟蛋小黄
6:35 Loom
10:30 Feudal Age
20:15 Castle Age
18:29 Double-Bit Axe
18:45 Gold Mining
20:39 Scale Barding Armor
21:47 Gold Shaft Mining
22:04 Forging
23:15 Chain Barding Armor
26:36 Wheelbarrow
Bobgao2008
6:16 Loom
9:13 Feudal Age
12:31 Fletching
13:48 Padded Archer Armor
22:22 Castle Age
20:25 Double-Bit Axe
21:21 Gold Mining
22:40 Horse Collar
23:01 Bodkin Arrow
22:28 Crossbowman
23:24 Thumb Ring
27:10 Bow Saw
Connection lost

Rejoining the realm…

Still unreachable

The connection could not be restored.

Session expired

The server has moved on; the page needs a fresh start.